 Dungeon Crawl Stone Soup version 0.20.1-1-g8b1a95d (webtiles) character file.

3942 letownia2 the Thaumaturge (level 10, -8/84 HPs)
             Began as a Deep Dwarf Necromancer on Nov 29, 2017.
             Was an Initiate of Gozag.
             Mangled by a two-headed ogre
             ... wielding a +0 giant club
              (15 damage)
             ... on level 8 of the Dungeon.
             The game lasted 00:27:40 (7350 turns).

letownia2 the Thaumaturge (Deep Dwarf Necromancer)  Turns: 7350, Time: 00:27:41

Health: -8/84      AC: 10    Str: 14    XL:     10   Next: 1%
Magic:  16/23      EV: 15    Int: 17    God:    Gozag
Gold:   1078       SH:  0    Dex: 18    Spells: 15/27 levels left

rFire    + . .     SeeInvis .   a - +1 flail (holy)
rCold    . . .     Gourm    .   (no shield)
rNeg     . . .     Faith    .   w - +1 scale mail {rF+}
rPois    .         Spirit   .   u - +0 helmet
rElec    .         Reflect  .   (no cloak)
rCorr    .         Harm     .   P - +0 pair of gloves
MR       +....                  t - +0 pair of boots
Stlth    ++........             (no amulet)
Regen    0.0/turn               s - ring of flight
MPRegen  0.2/turn               (no ring)

@: agile, about to teleport, non-regenerating
A: damage resistance, heal wounds, sense surroundings 2, no regeneration
a: Heal Wounds, Potion Petition, Call Merchant, Bribe Branch, Renounce Religion,
Evoke Flight


You were on level 8 of the Dungeon.
You worshipped Gozag.
Gozag was most pleased with you.
You were not hungry.

You visited 1 branch of the dungeon, and saw 8 of its levels.

You collected 1180 gold pieces.
You spent 13 gold pieces at shops.
You paid 89 gold pieces to Gozag.

Inventory:

Hand Weapons
 a - a +1 flail of holy wrath (weapon)
 b - a +0 dagger of draining
 d - a +0 arbalest
 k - a +0 war axe
 q - a +0 long sword of distortion
 B - a +1 dagger of speed
 L - a +3 whip
 M - a +0 battleaxe
Missiles
 n - 4 javelins (quivered)
 H - 10 bolts
Armour
 m - a +0 ring mail
 t - a +0 pair of boots (worn)
 u - a +0 helmet (worn)
 w - a +1 scale mail of fire resistance (worn)
 A - a +2 buckler
 N - a +2 chain mail of fire resistance
 P - a +0 pair of gloves (worn)
Jewellery
 s - a ring of flight (left hand)
Wands
 r - a wand of scattershot (6/9)
 I - a wand of polymorph (13/24)
Scrolls
 e - 2 scrolls of random uselessness {unknown}
 f - 2 scrolls of enchant weapon {unknown}
 i - 3 scrolls of identify
 o - 2 scrolls of remove curse {unknown}
 p - a scroll of teleportation
 x - 3 scrolls of fog {unknown}
 y - 2 scrolls of fear {unknown}
 C - 2 scrolls of enchant armour {unknown}
 G - 2 scrolls of immolation {unknown}
Potions
 l - 2 potions of agility
 v - 2 potions of haste {unknown}
 z - a potion of magic {unknown}
 F - a potion of curing {unknown}
 J - a potion of lignification {unknown}
Books
 K - a book of Minor Magic

   Spells                             Type                      Level
   a - Magic Dart                     Conjuration                  1
   b - Blink                          Translocation                2
   c - Call Imp                       Summoning                    2
   d - Slow                           Hexes                        2
   e - Conjure Flame                  Conjuration/Fire             3
   f - Mephitic Cloud                 Conjuration/Poison/Air       3
Comestibles
 c - 9 bread rations
 E - 4 fruits
 O - a royal jelly


   Skills:
 - Level 3.0 Fighting
 - Level 2.1 Dodging
 - Level 2.4 Stealth
 - Level 9.1 Spellcasting
 + Level 2.4 Conjurations
 - Level 8.3 Necromancy
 + Level 2.9 Translocations
 - Level 2.4 Fire Magic
 + Level 1.9 Air Magic
 - Level 2.1 Poison Magic


You had 15 spell levels left.
You knew the following spells:

 Your Spells              Type           Power        Failure   Level  Hunger
a - Pain                  Necr           ####         1%          1    None
b - Blink                 Tloc           N/A          19%         2    None
c - Conjure Flame         Conj/Fire      ###.....     43%         3    None
e - Mephitic Cloud        Conj/Pois/Air  ###.....     45%         3    None
v - Vampiric Draining     Necr           #####.....   4%          3    None


Dungeon Overview and Level Annotations

Branches:
Dungeon (8/15)             Temple (0/1) D:7            Lair (0/6) D:8

Altars:
Cheibriados
Elyvilon
Fedhas
Gozag
Okawaru
Trog
Zin

Shops:
D:7 !   D:8 %

Annotations:
D:8 Gastronok


Innate Abilities, Weirdness & Mutations

You are resistant to damage.
You can heal yourself by infusing magical energy.
You passively map the area around you.
You do not regenerate.


Message History

Unknown command.
Your surroundings suddenly seem different.
A two-headed ogre comes into view.
It is wielding a giant club and a giant spiked club.
The two-headed ogre shouts in stereo!
The orc priest shouts!
An orc comes into view. It is wielding a whip.
The orc shouts!
You hear a shout!
Found 26 sling bullets.
Found a stone staircase leading down.
A quokka, 2 porcupines, an orc and an orc priest come into view.
Unknown command.
The orc priest miscasts a cantrip.
Unknown command.
As you read the scroll of teleportation, it crumbles to dust.
You feel strangely unstable. The porcupine barely misses you.
Unknown command.
It was a potion of agility.
You feel agile all of a sudden. The porcupine misses you.
The quokka misses you.
The two-headed ogre hits you with a giant club!
You die...
Your body crumbles into a pile of gold.

......#
######.# *
#####.# #
###......#
* # .$...
......#.#
,* * #
..#...
.......#
*, * #
*.#Y....
.....o#
........


.roo. , .. ...>.r#oo# * # ,.. .......rr# #* , .......O@# ...,, .........# .. ,
,,.r....#### ,, ,...(.# .>### ,. * , * * You could see a two-headed ogre, 3
porcupines, 2 orc priests, 2 orcs and 2 quokkas.

Vanquished Creatures
  A two-headed ogre (D:8)
  Pikel (D:5)
  A hippogriff (D:8)
  A spriggan (D:7)
  Edmund (D:5)
  A water moccasin (D:6)
  An orc warrior (D:7)
  An ice beast (D:5)
  2 black bears
  2 sky beasts
  4 slaves
  2 phantoms
  6 bullfrogs
  Blork the orc (D:5)
  A wyvern zombie (D:8)
  2 scorpions
  2 howler monkeys (D:5)
  3 crimson imps
  A bullfrog zombie (D:6)
  A quasit (D:6)
  2 jellies
  3 hounds
  Terence (D:2)
  5 iguanas
  3 worker ants
  3 orc wizards
  A hound skeleton (D:4)
  7 adders
  4 gnolls
  4 oozes
  An adder skeleton (D:6)
  A worm (D:2)
  A dart slug (D:1)
  3 leopard geckos
  14 orcs
  6 bats
  A giant cockroach (D:4)
  5 goblins
  13 hobgoblins
  9 jackals
  3 kobolds
  3 quokkas
  A ball python (D:1)
  5 frilled lizards
  A quokka skeleton (D:6)
  A quokka zombie (D:7)
  10 rats
146 creatures vanquished.

Notes
Turn   | Place    | Note
-------+----------+-------------------------------------------
     0 | D:1      | letownia2 the Deep Dwarf Necromancer began the quest for the Orb.
     0 | D:1      | Reached XP level 1. HP: 15/15 MP: 3/3
   111 | D:1      | Reached skill level 2 in Spellcasting
   167 | D:2      | Reached XP level 2. HP: 19/22 MP: 0/5
   531 | D:4      | Found a bloodstained altar of Trog.
   535 | D:4      | Reached skill level 5 in Necromancy
   535 | D:4      | Reached XP level 3. HP: 24/28 MP: 6/6
   540 | D:4      | Learned a level 3 spell: Vampiric Draining
   855 | D:4      | Reached XP level 4. HP: 20/36 MP: 1/7
  1032 | D:4      | Noticed a slave
  1032 | D:4      | Noticed a slave
  1033 | D:4      | Noticed Pikel
  1433 | D:3      | Reached XP level 5. HP: 39/42 MP: 2/8
  1638 | D:5      | Entered Level 5 of the Dungeon
  1693 | D:5      | Found a glowing silver altar of Zin.
  1815 | D:5      | Found a white marble altar of Elyvilon.
  1819 | D:5      | Noticed Edmund
  1996 | D:5      | Reached skill level 3 in Spellcasting
  1996 | D:5      | Reached XP level 6. HP: 37/49 MP: 0/10
  1998 | D:5      | Noticed Blork the orc
  2144 | D:5      | Noticed an ice beast
  2221 | D:5      | Killed an ice beast
  2221 | D:5      | Reached skill level 1 in Fighting
  2272 | D:5      | Found an opulent altar of Gozag.
  2288 | D:5      | Became a worshipper of Gozag Ym Sagoz the Greedy
  2448 | D:5      | Killed Edmund
  2448 | D:5      | Reached XP level 7. HP: 39/61 MP: 0/11
  2623 | D:3      | Found an iron altar of Okawaru.
  3036 | D:2      | Noticed Terence
  3147 | D:2      | Killed Terence
  3298 | D:3      | Found a faded altar of an unknown god.
  4390 | D:5      | Killed Blork the orc
  4390 | D:5      | Reached skill level 4 in Spellcasting
  4571 | D:6      | Found a blossoming altar of Fedhas.
  4616 | D:6      | Reached skill level 5 in Spellcasting
  4616 | D:6      | Reached XP level 8. HP: 31/69 MP: 15/15
  5252 | D:6      | Reached skill level 6 in Spellcasting
  5262 | D:6      | Noticed a two-headed ogre
  5309 | D:5      | Killed Pikel
  5309 | D:5      | Reached skill level 7 in Spellcasting
  5657 | D:7      | Gained mutation: You passively map the area around you. [Deep Dwarf growth]
  5657 | D:7      | Reached XP level 9. HP: 25/75 MP: 13/20
  5678 | D:7      | Found a staircase to the Ecumenical Temple.
  5760 | D:7      | Learned a level 2 spell: Blink
  5764 | D:7      | Learned a level 3 spell: Conjure Flame
  5768 | D:7      | Learned a level 3 spell: Mephitic Cloud
  5826 | D:7      | Reached skill level 8 in Spellcasting
  6079 | D:7      | Found Xiqum's Distillery.
  6082 | D:7      | Bought a potion of degeneration for 13 gold pieces
  6124 | D:7      | Found a snail-covered altar of Cheibriados.
  6236 | D:7      | Reached skill level 9 in Spellcasting
  6466 | D:8      | Noticed a two-headed ogre
  6702 | D:6      | Reached skill level 1 in Translocations
  6872 | D:8      | Reached skill level 1 in Conjurations
  6872 | D:8      | Reached skill level 1 in Fire Magic
  6872 | D:8      | Reached skill level 1 in Poison Magic
  6884 | D:8      | Found Fatoupt's Food Shoppe.
  6912 | D:8      | Reached skill level 1 in Air Magic
  7008 | D:8      | Noticed Gastronok
  7156 | D:8      | Noticed a two-headed ogre
  7174 | D:8      | Killed a two-headed ogre
  7174 | D:8      | Reached XP level 10. HP: 37/84 MP: 2/23
  7287 | D:8      | Noticed a death yak
  7288 | D:8      | Found a staircase to the Lair.
  7288 | D:8      | Noticed a death yak
  7325 | D:8      | Noticed a death yak
  7340 | D:8      | Noticed a deep elf mage
  7347 | D:8      | Noticed a two-headed ogre
  7350 | D:8      | Mangled by a two-headed ogre

Skill      XL: |  1  2  3  4  5  6  7  8  9 |
---------------+----------------------------+-----
Spellcasting   | 2 3 5 7 9 |  9.1
Necromancy     | 5 6 7 8 |  8.3
Fighting       | 2 3 |  3.0
Translocations | 2 |  2.9
Conjurations   | 2 |  2.4
Fire Magic     | 2 |  2.4
Poison Magic   | 2 |  2.1
Air Magic      | 1 |  1.9
Dodging        | |  2.1
Stealth        | |  2.4

Action                   |  1- 3 |  4- 6 |  7- 9 | 10-12 || total
-------------------------+-------+-------+-------+-------++-------
Melee: Whip              |    12 |    38 |    70 |       ||   120
       Flail             |       |       |   154 |       ||   154
       Dagger            |       |       |    15 |       ||    15
 Fire: Arbalest          |       |       |    23 |       ||    23
Throw: Javelin           |       |     1 |    16 |       ||    17
 Cast: Pain              |    31 |    28 |   130 |       ||   189
       Vampiric Draining |       |    20 |    76 |     7 ||   103
       Conjure Flame     |       |       |     1 |       ||     1
  Use: Scroll            |       |       |     2 |     2 ||     4
       Potion            |       |       |       |     1 ||     1
 Stab: Sleeping          |     2 |       |       |       ||     2
  Eat: Chunk             |       |     7 |     4 |       ||    11
       Bread ration      |       |       |     2 |       ||     2
       Meat ration       |       |       |     1 |     1 ||     2
Armor: Robe              |     1 |       |       |       ||     1
       Ring mail         |       |    20 |    19 |       ||    39
       Scale mail        |       |       |   190 |     8 ||   198
Dodge: Dodged            |    14 |    46 |   202 |     7 ||   269
